 Dungeon Crawl Stone Soup version 0.26-a0-846-gcc8f1ee719 (webtiles) character file.

Game seed: 7424171544729300028

188081 robertstho the Severer (level 17, -23/176 HPs)
             Began as a Deep Dwarf Berserker on Nov 18, 2020.
             Was a High Priest of Trog.
             Killed from afar by a deep elf annihilator (38 damage)
             ... with an iron shot
             ... on level 3 of the Elven Halls on Nov 19, 2020.
             The game lasted 01:18:24 (23289 turns).

robertstho the Severer (Deep Dwarf Berserker)      Turns: 23289, Time: 01:18:24

Health: -23/176    AC: 19    Str: 31    XL:     17   Next: 90%
Magic:  9/9        EV: 11    Int:  8    God:    Trog [*****.]
Gold:   3609       SH: 14    Dex: 12    Spells: 16/16 levels left

rFire    . . .     SeeInvis .   t - +2 war axe (vamp)
rCold    . . .     Faith    .   b - +2 kite shield {rC+}
rNeg     + + .     Spirit   .   S - +0 storm dragon scales
rPois    +         Reflect  .   Z - +2 hat
rElec    +         Harm     .   X - scarf {+Inv}
rCorr    .         Rampage  .   I - +1 pair of gloves {Str+3}
MR       ++...                  j - +0 pair of boots
Stlth    ..........             r - amulet of magic regeneration
HPRegen  0.00/turn              e - +4 ring of slaying
MPRegen  0.36/turn              L - ring of Beogh's Grace {rPois rC- rN+ Stlth+}

@: corroded, berserk cooldown, very slightly contaminated, non-regenerating,
slowed, very slow
A: damage resistance, heal wounds, negative energy resistance 1, sense
surroundings 2, no regeneration
a: Heal Wounds, Berserk, Trog's Hand, Brothers in Arms, Renounce Religion, Evoke
Invisibility


You were on level 3 of the Elven Halls.
You worshipped Trog.
Trog was extremely pleased with you.
You visited 4 branches of the dungeon, and saw 26 of its levels.
You visited the Abyss 2 times.
You visited 1 bazaar.
You also visited: Trove, Ossuary, Bailey, Gauntlet and Ice Cave.

You collected 4712 gold pieces.
You spent 1103 gold pieces at shops.

Inventory:

Hand Weapons
 t - a +2 vampiric war axe (weapon)
 x - a +2 war axe of flaming
 E - the +6 battleaxe "Cauxtiqe" {flame, Str+6}
   (You bought it in a shop on level 5 of the Dungeon)

   It has been specially enchanted to burn those struck by it, causing extra
   injury to most foes and up to half again as much damage against particularly
   susceptible opponents.
   Big, fiery blades are also staple armaments of hydra-hunters.
   It affects your strength (+6).
Armour
 b - a +2 kite shield of cold resistance (worn)
 j - a +0 pair of boots (worn)
 B - a +1 ring mail of cold resistance
 G - a +0 kite shield of reflection
 I - a +1 pair of gloves of strength (worn)
 O - a +2 plate armour of positive energy
 P - +0 acid dragon scales
 S - +0 storm dragon scales (worn)
 X - a scarf of invisibility (worn)
 Z - a +2 hat (worn)
Jewellery
 e - a +4 ring of slaying (left hand)
 q - an uncursed ring of protection from magic
 r - an amulet of magic regeneration (around neck)
 v - a +4 ring of protection
 L - the ring of Beogh's Grace (right hand) {rPois rC- rN+ Stlth+}
   (You found it in a treasure trove)

   [ring of poison resistance]

   It makes you vulnerable to cold.
   It protects you from poison.
   It protects you from negative energy.
   It makes you more stealthy.
 M - an uncursed ring of protection from cold
 N - an uncursed ring of positive energy
 R - an uncursed ring of protection from cold
Wands
 l - a wand of digging (16)
 p - a wand of acid (10)
 U - a wand of disintegration (25)
 W - a wand of iceblast (23)
Scrolls
 c - 6 scrolls of immolation
 f - 13 scrolls of enchant armour
 h - 12 scrolls of teleportation
 i - 2 scrolls of summoning
 k - 6 scrolls of fog
 s - 7 scrolls of remove curse
 y - 3 scrolls of magic mapping
 C - 3 scrolls of fear
 D - 12 scrolls of identify
 F - a scroll of holy word
 J - 3 scrolls of enchant weapon
 K - a scroll of silence
 Y - 4 scrolls of blinking
Potions
 a - 5 potions of haste
 d - 17 potions of curing
 g - 3 potions of resistance
 n - 3 potions of ambrosia
 o - 6 potions of heal wounds
 u - 5 potions of flight
 w - 4 potions of magic
 z - 2 potions of cancellation
 A - 7 potions of might
Miscellaneous
 m - a lightning rod (4/4)
 H - a box of beasts
 Q - a condenser vane


   Skills:
 * Level 17.1 Fighting
 + Level 20.2(20.4) Axes
 + Level 3.9(12.4) Polearms
 + Level 0.5 Throwing
 * Level 16.1 Armour
 + Level 7.0 Dodging
 + Level 4.0 Stealth
 + Level 7.0 Shields
 + Level 1.7 Evocations


You had 16 spell levels left.
You didn't know any spells.
Your spell library was empty.

Dungeon Overview and Level Annotations

Branches:
Dungeon (15/15)            Temple (0/1) D:5            Lair (6/6) D:8
  Swamp (0/4) Lair:4        Snake (0/4) Lair:4        Slime (0/5) Lair:6
    Orc (2/2) D:10            Elf (3/3) Orc:2        Vaults (0/5) D:14
 Depths (0/5) D:15        Ossuary (visited)          Bailey (visited)
  IceCv (visited)         Gauntlet (visited)

Altars:
Ashenzari
Dithmenos
Gozag
Makhleb
Okawaru
Qazlal
Ru
Xom
Zin
The Shining One

Shops:
D:4 :   D:5 (   Orc:1 !   Orc:2 ??[*   Elf:1 *

Annotations:
D:5 299 battleaxe, 1 runed translucent door


Innate Abilities, Weirdness & Mutations

You are resistant to damage.
You can heal yourself by infusing magical energy.
You resist negative energy. (rN+)
You passively map the area around you.
You do not regenerate.


Message History

You block the deep elf annihilator's attack.
The deep elf annihilator closely misses you.
As you read the scroll of summoning, it crumbles to dust.
Wisps of shadow whirl around you...
Your orc wizard dissolves into shadows!
The deep elf annihilator hits you but does no damage.
The deep elf annihilator gestures at you while chanting.
The iron shot hits you!
* * * LOW HITPOINT WARNING * * *
You hit the deep elf annihilator.
You feel better.
The deep elf annihilator is almost dead.
Your +3 halberd of protection misses the deep elf annihilator.
The deep elf sorcerer points at you and mumbles some strange words.
The bolt of acid hits you!!
* * * LOW HITPOINT WARNING * * *
The acid corrodes you!
You are splashed with acid!
* * * LOW HITPOINT WARNING * * *
The deep elf annihilator points at you and mumbles some strange words.
The iron shot hits you!!!
You die...

)...≈≈#..'...##.... , ,
....≈≈#..#...##... ..Y.
....≈≈#..#...#.... #... #.
*
....≈≈#..#...#.oo.*..e*#..
, *
....≈≈#..#...#...##..##...,
,
....≈≈#..#...#.8.#.§.#....,
,
....≈≈#..#...#..o#.8.....#
....≈≈#..#...#.o†#.....# **
8 ....≈≈#..#...#.8@'e)..#*
, ..))≈≈#.)###'#((e#)e..#,,
, , .)....'..#...#.(.#)8.##
, ** (.....'..#...#.8.#...#
,, ,,
....≈≈#..#...#...##..#* , *
....≈≈#..#...#....#... ,,
....≈≈#..#...#....##..#
,,,,
....≈≈#..#...#...).#... * *
,,,
....≈≈#..#[.)#...#.##... *
*


You could see 2 deep elf annihilators, a deep elf sorcerer (fast), a friendly
orc high priest (summoned), a friendly orc warrior (summoned), 3 friendly
dancing weapons and 2 friendly orcs.

Vanquished Creatures
  Gastronok (Lair:1)
  A deep elf blademaster (Elf:2)
  A storm dragon (D:13)
  Roxanne (D:15)
  Agnes (D:15)
  Donald (Orc:2)
  A tengu reaver (D:13)
  A fire giant (D:15)
  A frost giant (IceCv)
  6 deep elf sorcerers
  Louise (D:15)
  3 deep elf elementalists (Elf:3)
  A stone giant (Orc:1)
  A deep elf demonologist (Elf:3)
  3 deep elf annihilators (Elf:3)
  A minotaur (Gauntlet)
  A deep elf death mage (Elf:3)
  An ettin (Orc:2)
  An ogre mage (D:15)
  2 deep elf high priests (Elf:3)
  Josephine (D:12)
  4 vault guards (D:14)
  2 boulder beetles
  8 hydras
  6 two-headed ogres
  23 dancing weapons
  6 catoblepae
  5 centaur warriors
  7 death yaks
  A thrashing horror (Abyss:2)
  17 deep elf knights
  3 orc high priests (Orc:2)
  A hell knight (D:13)
  A wretched star (Abyss:2)
  3 unseen horrors
  A death drake (shapeshifter) (Elf:3)
  11 deep elf archers
  3 bog bodies (Lair:4)
  An orc knight (Orc:1)
  A lindwurm (Lair:6)
  65 deep elf magi
  5 manticores
  17 ugly things
  4 oklob plants (Lair:1)
  2 cyclopes
  A torpor snail (Lair:2)
  An ice statue (IceCv)
  2 molten gargoyles (Gauntlet)
  5 black mambas
  Joseph (D:7)
  5 centaur skeletons
  6 gargoyles
  13 cane toads
  4 rime drakes
  2 kobold demonologists
  8 komodo dragons
  A minotaur zombie (Gauntlet)
  An efreet (D:13)
  An ancient zyme (Abyss:3)
  A freezing wraith (D:14)
  9 trolls
  A jumping spider (shapeshifter) (D:15)
  Grinder (D:5)
  16 polar bears
  16 blink frogs
  A hornet (D:14)
  A slime creature (D:13)
  5 dream sheep (Lair:6)
  A centaur simulacrum (D:14)
  10 shadows
  3 air elementals
  A large abomination (Abyss:3)
  4 wyverns
  5 water elementals
  3 fire elementals
  2 vampires
  6 basilisks
  6 wraiths
  70 yaks
  A vampire mosquito (D:14)
  7 wargs
  2 acid dragons
  A swamp worm (Lair:4)
  A naga (Lair:4)
  A soldier ant (D:15)
  19 water moccasins
  A floating eye (Lair:1)
  2 black bears
  Duvessa (D:5)
  2 ice beasts
  35 orc warriors
  An eye of draining (D:10)
  A sky beast (D:5)
  The ghost of DocClef the Covert, an amateur GnDe (D:5)
  A phantom (D:13)
  27 wolves
  24 centaurs
  19 ogres
  4 elf zombies (Ossuary)
  15 bullfrogs
  A wyvern zombie (D:14)
  5 earth elementals
  Dowan (D:5)
  A wyvern skeleton (D:12)
  6 scorpions
  A water moccasin skeleton (D:4)
  5 wights (D:6)
  11 killer bees (Lair:3)
  2 howler monkeys
  6 electric eels
  4 human zombies (Ossuary)
  6 centaur zombies
  3 quasits
  9 jellies
  5 hounds
  4 bullfrog skeletons
  30 orc priests
  3 iguanas
  31 orc wizards
  6 worker ants
  A hound skeleton (D:11)
  3 mummies (Ossuary)
  2 worker ant zombies
  Robin (D:2)
  6 gnolls
  13 adders
  2 river rats
  2 shadow imps
  8 white imps
  An ufetubus (D:4)
  An ooze (D:4)
  An adder skeleton (D:8)
  2 worms
  2 dart slugs (D:1)
  5 leopard geckos
  104 orcs
  11 giant cockroaches
  13 goblins
  9 hobgoblins
  14 jackals
  5 kobolds
  5 quokkas
  A ball python (D:4)
  9 bats
  5 frilled lizards
  2 leopard gecko skeletons
  A leopard gecko zombie (D:8)
  A quokka skeleton (D:7)
  A quokka zombie (D:9)
  6 rats
  A bush (Lair:1)
985 creatures vanquished.

Vanquished Creatures (collateral kills)
  The ghost of Qiokh the Slayer, a veteran MiBe of Trog (Elf:1)
  A rakshasa (D:13)
  A death yak (Lair:6)
  An orc high priest (Orc:2)
  4 skeletal warriors (D:10)
  A lindwurm (Lair:6)
  A queen bee (Lair:3)
  2 slime creatures (D:13)
  A blink frog (Lair:3)
  A yak (Lair:3)
  An ogre (D:10)
  A wolf (Lair:3)
  16 killer bees
  An orc priest (Orc:2)
  An orc wizard (Orc:2)
  A worker ant (D:10)
  A hell rat (Lair:3)
  An orc (D:13)
37 creatures vanquished.

Vanquished Creatures (others)
  A deep elf high priest (Elf:3)
  A deep elf knight (Elf:1)
  An orc sorcerer (Orc:2)
  2 orc priests
  An adder (D:4)
  3 orcs
  29 fungi
  A lurking horror (Abyss:3)
  36 plants
75 creatures vanquished.

Grand Total: 1097 creatures vanquished

Notes
Turn   | Place    | Note
-------+----------+-------------------------------------------
     0 | D:1      | robertstho the Deep Dwarf Berserker began the quest for the
                  | Orb.
     0 | D:1      | Reached XP level 1. HP: 20/20 MP: 1/1
   123 | D:1      | Reached XP level 2. HP: 25/28 MP: 2/2
   375 | D:1      | Reached ** piety under Trog
   376 | D:1      | Reached XP level 3. HP: 20/34 MP: 3/3
   956 | D:2      | Noticed Robin
   967 | D:2      | Killed Robin
   968 | D:2      | Reached skill level 4 in Axes
   970 | D:2      | Reached XP level 4. HP: 42/42 MP: 3/3
  1187 | D:2      | Found a stormy altar of Qazlal.
  1233 | D:2      | Noticed an earth elemental
  1236 | D:2      | Noticed a water elemental
  1236 | D:2      | Noticed an air elemental
  1236 | D:2      | Noticed a fire elemental
  1521 | D:3      | Found a shimmering altar of Xom.
  1542 | D:3      | Found a broken altar of Ashenzari.
  1787 | D:3      | Reached *** piety under Trog
  2253 | D:4      | Reached XP level 5. HP: 29/50 MP: 4/4
  2309 | D:4      | Noticed an ogre
  2320 | D:4      | Killed an ogre
  2321 | D:4      | Reached skill level 5 in Axes
  2321 | D:4      | Reached XP level 6. HP: 42/57 MP: 5/5
  2392 | D:4      | Found Bexog's Book Emporium.
  2410 | D:4      | Reached skill level 5 in Armour
  2410 | D:4      | Reached XP level 7. HP: 40/66 MP: 6/6
  2424 | D:4      | Reached skill level 6 in Axes
  2713 | D:4      | Found a shimmering altar of Xom.
  2974 | D:5      | Entered Level 5 of the Dungeon
  2975 | D:5      | Found a glowing silver altar of Zin.
  2994 | D:5      | Reached skill level 1 in Stealth
  3028 | D:5      | Found Ulaaned's Antique Weapon Emporium.
  3035 | D:5      | Found a sand-covered staircase.
  3039 | Ossuary  | Entered an ossuary
  3060 | Ossuary  | Reached skill level 7 in Axes
  3060 | Ossuary  | Reached XP level 8. HP: 46/73 MP: 7/7
  3100 | Ossuary  | Reached skill level 5 in Fighting
  3137 | Ossuary  | Reached skill level 8 in Axes
  3137 | Ossuary  | Reached **** piety under Trog
  3210 | D:5      | Found a burning altar of Makhleb.
  3271 | D:5      | Noticed Grinder
  3290 | D:5      | Killed Grinder
  3368 | D:5      | Noticed Dowan
  3368 | D:5      | Noticed Duvessa
  3376 | D:5      | Killed Dowan
  3379 | D:5      | Killed Duvessa
  3410 | D:5      | Found a runed translucent door.
  3415 | D:5      | Noticed DocClef's ghost (amateur GnDe)
  3453 | D:5      | Reached skill level 9 in Axes
  3453 | D:5      | Gained mutation: You passively map the area around you.
                  | [Deep Dwarf growth]
  3453 | D:5      | Reached XP level 9. HP: 55/82 MP: 8/8
  3466 | D:5      | Found a runed translucent door.
  3580 | D:5      | Found a staircase to the Ecumenical Temple.
  3644 | D:5      | Killed DocClef's ghost
  3785 | D:6      | Noticed a two-headed ogre
  3797 | D:6      | Killed a two-headed ogre
  3798 | D:6      | Reached skill level 10 in Axes
  4053 | D:5      | Bought a twisted battleaxe for 299 gold pieces
  4053 | D:5      | Identified the +6 battleaxe "Cauxtiqe" {flame, Str+6} (You
                  | bought it in a shop on level 5 of the Dungeon)
  4129 | D:6      | Noticed a cyclops
  4136 | D:6      | Killed a cyclops
  4137 | D:6      | Reached skill level 1 in Evocations
  4219 | D:6      | Reached XP level 10. HP: 70/94 MP: 9/9
  4475 | D:7      | Noticed Joseph
  4483 | D:7      | Killed Joseph
  4512 | D:7      | Reached skill level 11 in Axes
  5336 | D:8      | Found a staircase to the Lair.
  5521 | D:8      | Found an opulent altar of Gozag.
  5600 | D:8      | Identified the +4 spear of Tiozxor {vorpal, Int+3 Dex+6}
  6447 | D:9      | Found a sacrificial altar of Ru.
  6450 | D:9      | Found a flagged portal.
  6455 | Bailey   | Entered a bailey
  6599 | Bailey   | Reached ***** piety under Trog
  6615 | Bailey   | Reached skill level 12 in Axes
  7152 | D:9      | Reached XP level 11. HP: 74/104 MP: 10/10
  7534 | D:9      | Found a shadowy altar of Dithmenos.
  7534 | D:9      | Found a glowing golden altar of the Shining One.
  7645 | D:10     | Entered Level 10 of the Dungeon
  7656 | D:10     | Noticed a skeletal warrior
  7657 | D:10     | Noticed a skeletal warrior
  7670 | D:10     | Killed a skeletal warrior
  7671 | D:10     | Reached skill level 13 in Axes
  7672 | D:10     | Killed a skeletal warrior
  7679 | D:10     | Noticed a skeletal warrior
  7680 | D:10     | Noticed a skeletal warrior
  7684 | D:10     | Killed a skeletal warrior
  7686 | D:10     | Killed a skeletal warrior
  7718 | D:10     | Noticed a cyan ugly thing
  7728 | D:10     | Killed a cyan ugly thing
  7808 | D:10     | Found a staircase to the Orcish Mines.
  7880 | D:10     | Reached skill level 10 in Armour
  8205 | D:11     | Noticed a centaur warrior
  8216 | D:11     | Killed a centaur warrior
  8217 | D:11     | Reached skill level 10 in Fighting
  8342 | D:11     | Reached skill level 14 in Axes
  8387 | D:11     | Reached XP level 12. HP: 71/116 MP: 11/11
  8867 | D:12     | Noticed Josephine
  8881 | D:12     | Killed Josephine
  8881 | D:12     | Noticed a two-headed ogre
  8889 | D:12     | Killed a two-headed ogre
  8914 | D:12     | Found an opulent altar of Gozag.
  9410 | D:13     | Noticed a six-headed hydra
  9416 | D:13     | Killed a four-headed hydra
  9420 | D:13     | Reached skill level 15 in Axes
  9431 | D:13     | Noticed an eight-headed hydra
  9436 | D:13     | Noticed a rakshasa
  9440 | D:13     | Reached skill level 5 in Dodging
  9440 | D:13     | Killed a five-headed hydra
  9445 | D:13     | Killed a rakshasa
  9568 | D:13     | Found a runed translucent door.
  9568 | D:13     | Noticed a storm dragon
  9568 | D:13     | Noticed a tengu reaver
  9582 | D:13     | Reached XP level 13. HP: 103/127 MP: 11/11
  9608 | D:13     | Killed a tengu reaver
  9613 | D:13     | Killed a storm dragon
  9623 | D:13     | Got a shimmering halberd
  9624 | D:13     | Identified the cursed +3 halberd of Arrival {freeze, rElec
                  | rPois MR+ Str+2} (You found it on level 13 of the Dungeon)
  9857 | Lair:1   | Entered Level 1 of the Lair of Beasts
  9952 | Lair:1   | Found an iron altar of Okawaru.
 10055 | Lair:1   | Reached skill level 1 in Polearms
 10357 | Lair:1   | Noticed Gastronok
 10376 | Lair:1   | Killed Gastronok
 10377 | Lair:1   | Reached skill level 16 in Axes
 10754 | Lair:2   | Found a frozen archway.
 10764 | IceCv    | Entered an ice cave
 11014 | IceCv    | Noticed a frost giant
 11030 | IceCv    | Killed a frost giant
 11031 | IceCv    | Gained mutation: You resist negative energy. (rN+) [Deep
                  | Dwarf growth]
 11031 | IceCv    | Reached XP level 14. HP: 139/139 MP: 11/11
 11558 | Lair:2   | Upgraded the game from 0.26-a0-844-g3dd439832f to
                  | 0.26-a0-846-gcc8f1ee719
 11982 | Lair:3   | Reached skill level 17 in Axes
 12930 | Lair:4   | Found a staircase to the Snake Pit.
 13350 | Lair:4   | Found a staircase to the Swamp.
 13948 | Lair:5   | Found a shimmering altar of Xom.
 14604 | Lair:6   | Entered Level 6 of the Lair of Beasts
 14772 | Lair:6   | Found a gate leading to a gauntlet.
 14791 | Gauntlet | Entered a Gauntlet
 14791 | Gauntlet | Found a transporter.
 14791 | Gauntlet | Found a transporter.
 14803 | Gauntlet | Found a transporter.
 14821 | Gauntlet | Found a transporter.
 14821 | Gauntlet | Found a transporter.
 14821 | Gauntlet | Found a transporter.
 14823 | Gauntlet | Found a transporter.
 14823 | Gauntlet | Found a transporter.
 14827 | Gauntlet | Identified the ring "Cuvuig" {rF+ rN+ MR+}
 14827 | Gauntlet | Noticed an entropy weaver
 14839 | Gauntlet | Found a transporter.
 14850 | Gauntlet | Found a transporter.
 14860 | Gauntlet | Found a transporter.
 14874 | Gauntlet | Found a transporter.
 14894 | Gauntlet | Found a transporter.
 14896 | Gauntlet | Found a runed translucent gate.
 14896 | Gauntlet | Found a runed translucent gate.
 14896 | Gauntlet | Found a runed translucent gate.
 14905 | Gauntlet | Found a transporter.
 14996 | Gauntlet | Reached XP level 15. HP: 132/150 MP: 12/12
 15126 | Gauntlet | Identified the Papyrus of Shifting Unholy Arts
 15237 | Lair:6   | Found a staircase to the Slime Pits.
 15548 | Lair:6   | Reached skill level 18 in Axes
 16299 | Orc:1    | Entered Level 1 of the Orcish Mines
 16510 | Orc:2    | Entered Level 2 of the Orcish Mines
 16510 | Orc:2    | Noticed Donald
 16526 | Orc:2    | Killed Donald
 16879 | Orc:2    | Found Seeruiq's Magic Scroll Boutique.
 16881 | Orc:2    | Found Kopponga's Armour Shop.
 16888 | Orc:2    | Found Keatead's General Store.
 16891 | Orc:2    | Found Ycearrum's Magic Scroll Boutique.
 16894 | Orc:2    | Bought a scroll of torment for 112 gold pieces
 16896 | Orc:2    | Bought a scroll of silence for 120 gold pieces
 17121 | Orc:2    | Found a staircase to the Elven Halls.
 17467 | Orc:1    | Found Ninan's Distillery.
 17476 | Orc:1    | Bought a potion of curing for 33 gold pieces
 17476 | Orc:1    | Bought a potion of haste for 110 gold pieces
 17476 | Orc:1    | Bought a potion of heal wounds for 55 gold pieces
 17476 | Orc:1    | Bought a potion of curing for 33 gold pieces
 17476 | Orc:1    | Bought a potion of curing for 33 gold pieces
 17476 | Orc:1    | Bought a potion of haste for 110 gold pieces
 17476 | Orc:1    | Bought a potion of heal wounds for 55 gold pieces
 17476 | Orc:1    | Bought a potion of might for 44 gold pieces
 17476 | Orc:1    | Bought a potion of curing for 33 gold pieces
 17476 | Orc:1    | Bought a potion of curing for 33 gold pieces
 17476 | Orc:1    | Bought a potion of curing for 33 gold pieces
 17942 | D:14     | Received a gift from Trog
 17975 | D:14     | Found a gate to the Vaults.
 18306 | D:14     | Reached skill level 19 in Axes
 18321 | D:14     | Found a gateway to a bazaar.
 18338 | Bazaar   | Entered a bazaar
 18338 | Bazaar   | Found Komudody's Weapon Boutique.
 18338 | Bazaar   | Found Feujy's Antique Armour Shop.
 18338 | Bazaar   | Found Raulew's Weapon Shop.
 18575 | D:15     | Entered Level 15 of the Dungeon
 18649 | D:15     | Reached XP level 16. HP: 96/160 MP: 12/12
 18816 | D:15     | Noticed Roxanne
 18827 | D:15     | Found a staircase to the Depths.
 18836 | D:15     | Killed Roxanne
 18848 | D:15     | Reached skill level 15 in Fighting
 18916 | D:15     | Noticed Agnes
 18925 | D:15     | Killed Agnes
 19155 | D:15     | Noticed Louise
 19171 | D:15     | Killed Louise
 19471 | Elf:1    | Entered Level 1 of the Elven Halls
 19536 | Elf:1    | Received a gift from Trog
 19579 | Elf:1    | Reached skill level 1 in Shields
 19705 | Elf:1    | Reached skill level 15 in Armour
 19786 | Elf:1    | Found a runed translucent gate.
 19853 | Elf:1    | Found Nuutrua's Assorted Antiques.
 20087 | Elf:1    | Identified the Handbook of Creative Battle Magic
 20096 | Elf:1    | Got a crude chain mail
 20106 | Elf:1    | Identified the cursed +0 chain mail of Goxoid Xeomp {+Fly
                  | Str+4 Int+6} (You found it on level 1 of the Elven Halls)
 20445 | Elf:1    | Found a runed translucent gate.
 20445 | Elf:1    | Found a runed translucent gate.
 20445 | Elf:1    | Noticed Qiokh's ghost (veteran MiBe)
 20593 | Elf:1    | Killed Qiokh's ghost
 20733 | Elf:2    | Found a portal to a secret trove of treasure.
 21072 | Elf:2    | You paid a toll of a +4 demon whip to enter a treasure
                  | trove
 21073 | Trove    | Entered a treasure trove
 21085 | Trove    | Got a steaming jade ring
 21114 | Trove    | Identified the ring of Beogh's Grace {rPois rC- rN+ Stlth+}
                  | (You found it in a treasure trove)
 21142 | Elf:2    | Reached XP level 17. HP: 137/172 MP: 10/10
 21321 | Elf:2    | Found a runed translucent gate.
 21321 | Elf:2    | Found a runed translucent gate.
 21322 | Elf:2    | Found a runed translucent gate.
 21398 | Elf:2    | Reached skill level 20 in Axes
 21652 | Elf:2    | Reached skill level 5 in Shields
 21947 | Elf:2    | Noticed a deep elf blademaster
 21964 | Elf:2    | Killed a deep elf blademaster
 22072 | Elf:3    | Entered Level 3 of the Elven Halls
 23017 | Elf:3    | Cast into level 2 of the Abyss (a deep elf sorcerer)
 23018 | Abyss:2  | Found a corrupted altar of Lugonu.
 23102 | Elf:3    | Escaped the Abyss
 23142 | Elf:3    | Cast into level 3 of the Abyss (a deep elf sorcerer)
 23142 | Abyss:3  | Found a corrupted altar of Lugonu.
 23190 | Elf:3    | Escaped the Abyss
 23261 | Elf:3    | Noticed an Ice Fiend
 23261 | Elf:3    | Noticed a Brimstone Fiend
 23282 | Elf:3    | HP: 7/176 [deep elf annihilator/crystal spear (40)]
 23289 | Elf:3    | Killed from afar by a deep elf annihilator

Illustrated notes

Levels and vault maps discovered:
D:1:      lemuel_arrival_cross, layout_loops_ring, minmay_misc_feat_x
D:2:      layout_basic, nicolae_qazlal_style_of_elements, nrook_mini_backslash,
          uniq_robin
D:3:      layout_basic, xom_butterflies, nicolae_ashenzari_panopticon
D:4:      layout_loops_ring, serial_shops, shop, xom_confusion_cloud
D:5:      layout_rooms, overflow_temple_1_default,
          minmay_temple_entry_drinking_statues, serial_shops,
          nicolae_shop_trees, ebering_ghost_sewer_f, enter_ossuary_5,
          minmay_strange_pillars, bloody_makhleb, uniq_duvessa, uniq_grinder
D:6:      minmay_chambers_of_sixes, layout_rooms, minmay_misc_feat_rows,
          minmay_small_thing
D:7:      layout_cave_pods, minmay_misc_feat_ornament, minmay_misc_feat_alley,
          uniq_joseph
D:8:      layout_layer_cave, grunt_gozag_statues, lair_entry_dummy
D:9:      layout_stronghold, gammafunk_temple_overflow_elements, basic_altar,
          enter_bailey_3
D:10:     layout_cave_pools, orc_0_dummy
D:11:     layout_cave_pools, special_room [special_room_orc]
D:12:     layout_cave_pools, basic_altar, minmay_splitting_lines,
          nooodl_orcs_dogs, uniq_josephine
D:13:     layout_cross, kennysheep_treasure_room
D:14:     layout_roguey, lightli_vaults_fourway_checkpoint,
          columned_hall_lemuel, serial_shops, statue_bzr
D:15:     grunt_enter_depths_giant_problem, layout_cave_pods, grunt_decor_cap,
          uniq_louise, uniq_roxanne, uniq_agnes
Lair:1:   layout_loops_ring, basic_altar, disabler_island,
          minmay_lair_oklob_chamber, uniq_gastronok
Lair:2:   layout_long_grid, portal_ice_cave_rime,
          chequers_serial_rivers_small_a, guppyfry_lair_drakes,
          infiniplex_staircase_pool, grunt_megastairs_4, lemuel_fruit_fields
Lair:3:   regret_index_combs_of_tragedy, layout_loops_ring,
          infiniplex_staircase_pool_2
Lair:4:   layout_cave_shapes, nicolae_swamp_entry_splash_gauntlet,
          guppyfry_snake_entry_island
Lair:5:   layout_cave_pods, basic_altar, grunt_megastairs_5
Lair:6:   evilmike_catoblepas_cave, layout_cave_pods, slime_dummy,
          gauntlet_entry_generic
Orc:1:    layout_caves, serial_shops, shop
Orc:2:    st_orc_mages, layout_caves, uniq_donald
Elf:1:    minmay_elf_arrival_circle, layout_loops_cross,
          ebering_ghost_rock_garden, serial_shops, shop, minmay_elf_sorcery,
          nicolae_elf_w_pinch
Elf:2:    layout_loops_corners, nicolae_trove_entry_crossroad,
          nicolae_elf_big_sculpture_2
Elf:3:    minmay_elf_hall_statues, layout_geoelf_castle

Skill      XL: |  1  2  3  4  5  6  7  8  9 10 11 12 13 14 15 16 17 |
---------------+----------------------------------------------------+-----
Fighting       | 3 4 6 7 8 10 11 12 13 14 16 17 | 17.1
Axes           | 4 5 7 9 10 12 14 15 16 17 19 20 | 20.2
Armour         | 3 4 5 6 8 9 10 11 12 13 14 15 16 | 16.1
Dodging        | 3 4 5 6 7 |  7.0
Stealth        | 1 2 4 |  4.0
Evocations     | 1 |  1.7
Polearms       | 1 3 |  3.9
Shields        | 4 7 |  7.0
Throwing       | |  0.5

Action                   |  1- 3 |  4- 6 |  7- 9 | 10-12 | 13-15 | 16-18 || total
-------------------------+-------+-------+-------+-------+-------+-------++-------
Melee: Hand axe          |   124 |   161 |    17 |       |       |       ||   302
       War axe           |       |       |   230 |       |       |   808 ||  1038
       Battleaxe         |       |       |    10 |   466 |   712 |    96 ||  1284
       Halberd           |       |       |       |       |   158 |       ||   158
       Broad axe         |       |       |       |       |       |    21 ||    21
Throw: Javelin           |       |       |       |     9 |       |       ||     9
Invok: Berserk           |     1 |     2 |    11 |    15 |    24 |    12 ||    65
       Trog's Hand       |       |     3 |     9 |    27 |    38 |    35 ||   112
       Brothers in Arms  |       |       |     1 |     2 |     5 |     6 ||    14
 Abil: Heal Wounds       |     1 |     1 |     1 |     2 |     6 |    18 ||    29
Evoke: Wand              |       |       |     3 |    12 |     1 |     3 ||    19
  Use: Potion            |       |     1 |       |     1 |     4 |    10 ||    16
       Scroll            |       |       |    14 |     8 |    13 |     8 ||    43
 Stab: Confused          |       |       |     1 |       |       |       ||     1
       Distracted        |       |       |       |       |     2 |       ||     2
       Sleeping          |       |       |       |       |     1 |       ||     1
       Invisible         |       |       |       |       |     9 |       ||     9
Armor: Animal skin       |    24 |       |       |       |       |       ||    24
       Scale mail        |    16 |    70 |   105 |    12 |       |       ||   203
       Plate armour      |       |       |       |   241 |    21 |       ||   262
       Ring mail         |       |       |       |       |    38 |       ||    38
       Storm dragon scal |       |       |       |       |   397 |   354 ||   751
Dodge: Dodged            |    91 |   117 |   269 |   473 |   807 |   295 ||  2052
Block: Kite shield       |       |       |       |       |       |   366 ||   366

Table legend: (Time is in decaauts)
 A = Elapsed time spent in this place.
 B = Non-inter-level travel time spent in this place.
 C = Inter-level travel time spent in this place.
 D = Time resting spent in this place.
 E = Time spent auto-exploring this place.
 F = Levels seen in this place.
 G = Mean time per level.
                   A        B        C        D        E       F      G
               +--------+--------+--------+--------+--------+-----+--------+
         Total |  23688 |  21529 |   2159 |    450 |  14074 |  34 |  696.7 |
       Dungeon |  11240 |  10035 |   1205 |     54 |   7116 |  15 |  749.3 |
          Lair |   5403 |   5009 |    394 |    114 |   3739 |   6 |  900.5 |
  Orcish Mines |   1703 |   1390 |    313 |    159 |    941 |   2 |  851.5 |
   Elven Halls |   3314 |   3068 |    246 |     58 |   1485 |   3 | 1104.7 |
         Abyss |    126 |    126 |      0 |      0 |     50 |   2 |   63.0 |
        Bazaar |     14 |     14 |      0 |      0 |      9 |   1 |   14.0 |
         Trove |     52 |     52 |      0 |      0 |      5 |   1 |   52.0 |
       Ossuary |    178 |    178 |      0 |      0 |     78 |   1 |  178.0 |
        Bailey |    616 |    616 |      0 |      0 |    207 |   1 |  616.0 |
      Ice Cave |    629 |    629 |      0 |      0 |    280 |   1 |  629.0 |
      Gauntlet |    410 |    410 |      0 |     63 |    163 |   1 |  410.0 |
               +--------+--------+--------+--------+--------+-----+--------+

Top non-repeatable levels by time:
   Elf:1: 1216 daAuts
  Lair:6: 1108 daAuts
     D:8: 1058 daAuts
   Elf:3: 1055 daAuts
   Orc:2: 1054 daAuts
   Elf:2: 1042 daAuts
     D:9: 1019 daAuts
  Lair:3: 945 daAuts
  Lair:4: 940 daAuts
  Lair:5: 907 daAuts
     D:1: 856 daAuts
     D:4: 819 daAuts
    D:15: 802 daAuts
     D:7: 794 daAuts
  Lair:1: 768 daAuts
